 Dungeon Crawl Stone Soup version 0.31-a0-982-g1816016f30 (webtiles) character file.

Game seed: 16594724312273349223

21030 stifikn the Severer (level 12, -2/175 HPs)
             Began as a Minotaur Berserker on Nov 2, 2023.
             Was a High Priest of Trog.
             Succumbed to a skeletal warrior's poison
             ... on level 12 of the Dungeon.
             The game lasted 00:24:59 (11479 turns).

stifikn the Severer (Minotaur Berserker)           Turns: 11479, Time: 00:25:00

Health: -2/175     AC: 15    Str: 26    XL:     12   Next: 50%
Magic:  11/11      EV: 13    Int:  4    God:    Trog [*****.]
Gold:   1027       SH:  0    Dex: 11    Spells: 11/11 levels left

rFire   . . .        K - +0 battleaxe (heavy)
rCold   + . .        (shield currently unavailable)
rNeg    . . .        z - +2 plate armour
rPois   .            M - +1 hat {Will+}
rElec   .            m - +0 cloak
rCorr   .            (no gloves)
SInv    .            (no boots)
Will    +....        l - amulet of the acrobat Stlth
                     k - +5 ring of evasion
HPRegen 0.49/turn    q - ring of protection from cold
MPRegen 0.12/turn

%: acrobat
@: berserking, lethally poisoned (-2 -> -36), very quick
A: horns 2, retaliatory headbutt
a: Renounce Religion, Berserk, Trog's Hand, Brothers in Arms


You were on level 12 of the Dungeon.
You worshipped Trog.
Trog was extremely pleased with you.
You visited 1 branch of the dungeon, and saw 12 of its levels.
You also visited: Sewer and Ossuary.

You collected 1027 gold pieces.

Inventory:

Hand Weapons
 D - a +1 battleaxe
 K - a +0 heavy battleaxe (weapon)
Missiles
 B - 5 throwing nets
Armour
 m - a +0 cloak (worn)
 y - a +1 ring mail of fire resistance
 z - a +2 plate armour (worn)
 A - a +2 kite shield
 C - a +2 hat of stealth
 F - a +0 ring mail of poison resistance
 M - a +1 hat of willpower (worn)
Jewellery
 k - a +5 ring of evasion (left hand)
 l - an amulet of the acrobat (around neck)
 q - a ring of protection from cold (right hand)
 v - a ring of willpower
 N - a ring of flight
 Q - a +4 ring of protection
 U - a ring of poison resistance
Wands
 b - a wand of flame (16)
 c - a wand of charming (15)
 P - a wand of roots (5)
 R - a wand of polymorph (6)
 S - a wand of acid (5)
 V - a wand of mindburst (8)
Scrolls
 a - 4 scrolls of teleportation
 j - 2 scrolls of fog
 o - a scroll of blinking
 r - 2 scrolls of fear
 t - a scroll of butterflies
 u - a scroll of vulnerability
 w - a scroll of poison
 G - 4 scrolls of immolation
 J - a scroll of enchant armour
 L - a scroll of amnesia
 O - a scroll of noise {unknown}
 T - a scroll of acquirement {unknown}
Potions
 d - 7 potions of might
 e - 9 potions of heal wounds
 f - 3 potions of mutation
 g - 3 potions of magic {unknown}
 h - 8 potions of curing {unknown}
 i - a potion of berserk rage {unknown}
 n - a potion of ambrosia {unknown}
 p - a potion of cancellation {unknown}
 s - a potion of enlightenment {unknown}
 x - a potion of lignification
 E - a potion of resistance {unknown}
 H - 3 potions of haste {unknown}
 I - 3 potions of attraction {unknown}


   Skills:
 + Level 14.0 Fighting
 + Level 20.3 Axes
 - Level 3.1 Armour
 - Level 3.2 Dodging
 - Level 0.6 Stealth


You had 11 spell levels left.
You didn't know any spells.
Your spell library was empty.

Dungeon Overview and Level Annotations

Branches:
Dungeon (12/15)            Temple (0/1) D:4            Lair (0/5) D:9
    Orc (0/2) D:11          Sewer (visited)         Ossuary (visited)

Altars:
Dithmenos
Elyvilon
Gozag
Hepliaklqana
Makhleb
Ru
Wu Jian
Zin

Shops:
D:6 *

Annotations:
D:12 Kirke


Innate Abilities, Weirdness & Mutations

You have a pair of horns on your head.
You reflexively headbutt those who attack you in melee.


Message History

The hog bites you!
A red film seems to cover your vision as you go berserk!
You feel yourself moving faster!
You feel mighty!
You feel extremely sick.
The hog squeals angrily.
The hog bites you.
The skeletal warrior closely misses you.
The skeletal warrior hits you from afar with a +2 halberd of venom!
* * * LOW HITPOINT WARNING * * *
You slice the skeletal warrior!!
The skeletal warrior is severely damaged.
You slash the hog! You closely miss the skeletal warrior.
You feel very sick. The hog bites you.
* * * LOW HITPOINT WARNING * * *
The skeletal warrior hits you with a +0 long sword!
* * * LOW HITPOINT WARNING * * *
The skeletal warrior hits you from afar with a +2 halberd of venom.
* * * LOW HITPOINT WARNING * * *
You are more poisoned.
The skeletal warrior hits you with a +0 mace!
* * * LOW HITPOINT WARNING * * *
You chop the skeletal warrior into pieces!!!
You destroy the skeletal warrior!
Trog accepts your kill.
You slice the skeletal warrior!!
You carve the hog like the proverbial ham!!!
You kill the hog!
Trog accepts your kill.
* * * LOW HITPOINT WARNING * * *
You feel extremely sick.
Your Fighting skill increases to level 14!
You cut the skeletal warrior into ribbons!!!
You feel the power of Trog in you as your rage grows.
You destroy the skeletal warrior!
Trog accepts your kill.
You slice the hog!! x2
You kill the hog!
Trog accepts your kill.
You die...

.........##.
............####
..........##.#.##
.>..........#...##
..............##.#
.......††.......##
..........#......# #
.........###.....#..#
.#####.†>.#....@h..# ..#
#.........))z.# ..#
#.........@h[....# ..#
#.................
..#####............h....
...........>............
........................
........................
÷.......#####....


You could see Kirke, a skeletal warrior and 3 hogs.

Vanquished Creatures
  Gastronok (D:9)
  Erolcha (D:9)
  Harold (D:9)
  The ghost of Heedrag the Grappler, a novice TrFi of Wu Jian (D:9)
  3 two-headed ogres
  3 skeletal warriors (D:12)
  The ghost of Mls the Grappler, a novice TrFi (D:11)
  An orc knight (D:11)
  Pikel (D:5)
  2 manticores
  2 ugly things
  A cyclops (D:9)
  An unseen horror (D:9)
  2 komodo dragons
  3 trolls
  The ghost of Gladio the Ruffian, a novice VSGl (D:5)
  Grinder (Sewer)
  Sigmund (D:5)
  A wraith (D:11)
  2 ynoxinuls (D:11)
  3 shadows
  2 vampires (D:11)
  13 yaks
  2 wyverns
  3 hogs (D:12)
  A basilisk (D:9)
  2 vampire mosquitoes (D:12)
  Menkaure (D:5)
  A warg (D:11)
  Duvessa (D:5)
  3 ice beasts
  9 orc warriors
  2 ogres
  8 centaurs
  2 phantoms
  A lemure (D:5)
  3 kobold brigands
  Blork the orc (D:4)
  3 wyvern zombies (Ossuary)
  A gnoll sergeant (D:10)
  3 bullfrogs
  4 scorpions
  3 water moccasin zombies (Ossuary)
  4 wights (D:10)
  Dowan (D:5)
  4 killer bees (D:9)
  An electric eel (D:11)
  4 howler monkeys
  4 centaur zombies (Ossuary)
  7 bullfrog zombies (Ossuary)
  2 jellies
  A quasit (Sewer)
  9 orc priests
  3 gnoll boudas
  5 hounds
  3 iguanas
  A sleepcap (D:6)
  7 orc wizards
  3 killer bee zombies (Ossuary)
  8 mummies (Ossuary)
  4 howler monkey zombies (Ossuary)
  21 gnolls
  5 adders
  A shadow imp (D:7)
  2 white imps (D:8)
  10 ufetubi
  2 worms (D:3)
  7 dart slugs
  38 orcs
  9 ball pythons
  8 bats
  A bat zombie (Sewer)
  6 endoplasms
  9 giant cockroaches
  8 goblins
  6 hobgoblins
  8 jackals
  3 quokkas
  5 frilled lizards
  30 kobolds
  2 kobold zombies (Sewer)
  2 rats (D:3)
356 creatures vanquished.

Vanquished Creatures (others)
  2 ufetubi (D:11)
  An endoplasm (Sewer)
3 creatures vanquished.

Grand Total: 359 creatures vanquished

Notes
Turn   | Place    | Note
-------+----------+-------------------------------------------
     0 | D:1      | stifikn the Minotaur Berserker began the quest for the Orb.
     0 | D:1      | Reached XP level 1. HP: 19/19 MP: 0/0
   168 | D:1      | Reached skill level 4 in Axes
   168 | D:1      | Reached XP level 2. HP: 25/27 MP: 1/1
   782 | D:2      | Reached XP level 3. HP: 25/33 MP: 2/2
   892 | D:2      | Reached XP level 4. HP: 19/41 MP: 3/3
  1113 | D:2      | Reached ** piety under Trog
  1296 | D:2      | Reached skill level 5 in Axes
  1393 | D:2      | Noticed a phantom
  1401 | D:2      | Killed a phantom
  1402 | D:2      | Reached skill level 5 in Fighting
  1402 | D:2      | Reached XP level 5. HP: 48/48 MP: 4/4
  2244 | D:4      | Found a staircase to the Ecumenical Temple.
  2252 | D:4      | Reached skill level 6 in Axes
  2252 | D:4      | Reached XP level 6. HP: 56/56 MP: 5/5
  2289 | D:4      | Noticed Blork the orc
  2299 | D:4      | Killed Blork the orc
  2718 | D:4      | Reached skill level 7 in Axes
  3111 | D:5      | Entered Level 5 of the Dungeon
  3111 | D:5      | Noticed an ice beast
  3117 | D:5      | Killed an ice beast
  3118 | D:5      | Reached XP level 7. HP: 62/62 MP: 6/6
  3146 | D:5      | Noticed Menkaure
  3664 | D:5      | Reached skill level 8 in Axes
  3671 | D:5      | Killed Menkaure
  3813 | D:5      | Reached *** piety under Trog
  3887 | D:5      | Noticed Pikel
  3889 | D:5      | Reached skill level 9 in Axes
  3903 | D:5      | Killed Pikel
  3904 | D:5      | Reached skill level 10 in Axes
  3904 | D:5      | Reached XP level 8. HP: 73/73 MP: 7/7
  4028 | D:5      | Noticed Sigmund
  4044 | D:5      | Killed Sigmund
  4149 | D:5      | Noticed Duvessa
  4151 | D:5      | Noticed Dowan
  4158 | D:5      | Reached skill level 11 in Axes
  4161 | D:5      | Killed Duvessa
  4165 | D:5      | Killed Dowan
  4325 | D:5      | Found a runed translucent door.
  4393 | D:5      | Noticed Gladio's ghost (novice VSGl)
  4405 | D:5      | Killed Gladio's ghost
  4406 | D:5      | Reached skill level 12 in Axes
  4499 | D:6      | Reached XP level 9. HP: 81/81 MP: 8/8
  4613 | D:6      | HP: 2/82 [gnoll/+0 halberd[a gnoll bouda] (11)]
  4639 | D:6      | Found an opulent altar of Gozag.
  4640 | D:6      | Found an ornate altar of the Wu Jian Council.
  4640 | D:6      | Found a sacrificial altar of Ru.
  4640 | D:6      | Found a hazy altar of Hepliaklqana.
  4645 | D:6      | Found a white marble altar of Elyvilon.
  4704 | D:6      | Reached skill level 13 in Axes
  4711 | D:6      | Reached **** piety under Trog
  4713 | D:6      | Found Ruetwiux's General Store.
  4826 | D:6      | Found a glowing drain.
  4839 | Sewer    | Entered a sewer
  4944 | Sewer    | Found a burning altar of Makhleb.
  4995 | Sewer    | Noticed Grinder
  5013 | Sewer    | Killed Grinder
  5543 | D:7      | Found a sand-covered staircase.
  5551 | Ossuary  | Entered an ossuary
  5587 | Ossuary  | Reached skill level 14 in Axes
  5690 | Ossuary  | Reached ***** piety under Trog
  5767 | Ossuary  | Reached XP level 10. HP: 92/92 MP: 9/9
  6296 | D:7      | Reached skill level 10 in Fighting
  6296 | D:7      | Reached skill level 15 in Axes
  7429 | D:8      | Found a shadowy altar of Dithmenos.
  7569 | D:8      | Reached skill level 16 in Axes
  7859 | D:9      | Noticed Harold
  7866 | D:9      | Killed Harold
  7991 | D:9      | Noticed a two-headed ogre
  8005 | D:9      | Killed a two-headed ogre
  8037 | D:9      | Noticed Gastronok
  8049 | D:9      | Killed Gastronok
  8050 | D:9      | Reached skill level 17 in Axes
  8050 | D:9      | Reached XP level 11. HP: 35/102 MP: 10/10
  8206 | D:9      | Noticed Erolcha
  8214 | D:9      | Killed Erolcha
  8351 | D:9      | Noticed a white ugly thing
  8353 | D:9      | Noticed Heedrag's ghost (novice TrFi)
  8368 | D:9      | Found a transporter.
  8392 | D:9      | Found a transporter.
  8445 | D:9      | Found a staircase to the Lair.
  8686 | D:9      | Killed a white ugly thing
  8687 | D:9      | Received a gift from Trog
  8688 | D:9      | Reached skill level 18 in Axes
  8693 | D:9      | Killed Heedrag's ghost
  8782 | D:10     | Entered Level 10 of the Dungeon
  9666 | D:10     | Found a burning altar of Makhleb.
  9671 | D:10     | Found a glowing silver altar of Zin.
  9671 | D:10     | Noticed an angel
  9672 | D:10     | Noticed a green death
  9941 | D:11     | Found a runed translucent gate.
  9942 | D:11     | Found a runed translucent gate.
  9942 | D:11     | Found a runed translucent gate.
  9947 | D:11     | Noticed Mls's ghost (novice TrFi)
  9959 | D:11     | Killed Mls's ghost
  9960 | D:11     | Reached skill level 19 in Axes
 10168 | D:11     | Found a staircase to the Orcish Mines.
 10196 | D:11     | Received a gift from Trog
 10245 | D:11     | Reached XP level 12. HP: 105/113 MP: 11/11
 10511 | D:11     | Noticed a two-headed ogre
 10563 | D:11     | Killed a two-headed ogre
 11017 | D:12     | Noticed a two-headed ogre
 11028 | D:12     | Killed a two-headed ogre
 11277 | D:12     | Reached skill level 20 in Axes
 11471 | D:12     | Noticed Kirke
 11478 | D:12     | HP: 4/174 [poisoned by a skeletal warrior]
 11479 | D:12     | Succumbed to a skeletal warrior's poison

Illustrated notes

Levels and vault maps discovered:
D:1:      shiori_arrival_maze, layout_basic, hangedman_decor_riveting
D:2:      layout_basic, st_stairs_3, kennysheep_generic_room_5
D:3:      layout_loops_ring, st_stairs_11
D:4:      layout_cave_pods, minmay_temple_entry_stoned_glass, serial_glass,
          glass_columns_b, glass_columns_a, uniq_blork_the_orc
D:5:      layout_loops_ring, ebering_ghost_reflecting_pool, uniq_menkaure,
          uniq_pikel, uniq_sigmund, uniq_duvessa
D:6:      layout_basic, minitemple, serial_shops, nicolae_shop_waterfront,
          portal_sewer_entry_f
D:7:      layout_loops_ring, enter_ossuary_3, enter_bailey_3,
          minmay_misc_feat_secret_circle
D:8:      layout_basic, kennysheep_little_box
D:9:      layout_small_grid, david_lair_shrubbed, gammafunk_ghost_arena,
          uniq_erolcha, uniq_gastronok, uniq_harold
D:10:     layout_loops_corners, grunt_temple_overflow_order_and_chaos_2,
          minmay_fractal_squares_diagonal_5
D:11:     layout_rooms, david_orc_5, ebering_ghost_rock_garden,
          nicolae_fort_ynox
D:12:     layout_big_octagon, gammafunk_ghost_smash, uniq_kirke

Skill      XL: |  1  2  3  4  5  6  7  8  9 10 11 12 |
---------------+-------------------------------------+-----
Axes           | 4 5 6 7 10 12 14 17 19 20 | 20.3
Fighting       | 4 5 7 9 11 12 14 | 14.0
Armour         | 3 |  3.1
Dodging        | 3 |  3.2
Stealth        | |  0.6

Action                     |  1- 3 |  4- 6 |  7- 9 | 10-12 || total
---------------------------+-------+-------+-------+-------++-------
  Melee: Hand axe          |    56 |   134 |   214 |       ||   404
         Headbutt          |    13 |    23 |    43 |    57 ||   136
         Punch             |       |     1 |     1 |       ||     2
         Battleaxe         |       |       |    71 |   278 ||   349
 Invoke: Berserk           |     2 |     3 |     6 |     3 ||    14
         Trog's Hand       |       |       |     2 |     2 ||     4
    Use: Scroll            |       |     7 |     2 |    12 ||    21
         Potion            |       |       |     1 |     1 ||     2
 Armour: Animal skin       |    42 |       |       |       ||    42
         Scale mail        |       |    64 |    20 |       ||    84
         Skin              |       |       |     5 |       ||     5
         Ring mail         |       |       |    72 |       ||    72
         Plate armour      |       |       |    45 |   244 ||   289
  Dodge: Dodged            |    48 |   100 |   230 |   291 ||   669

Table legend: (Time is in decaauts)
 A = Elapsed time spent in this place.
 B = Non-inter-level travel time spent in this place.
 C = Inter-level travel time spent in this place.
 D = Time resting spent in this place.
 E = Time spent auto-exploring this place.
 F = Levels seen in this place.
 G = Mean time per level.
                   A        B        C        D        E       F      G
               +--------+--------+--------+--------+--------+-----+--------+
         Total |  11627 |  11527 |    100 |    539 |   7851 |  14 |  830.5 |
       Dungeon |  10807 |  10707 |    100 |    539 |   7463 |  12 |  900.6 |
         Sewer |    338 |    338 |      0 |      0 |    124 |   1 |  338.0 |
       Ossuary |    480 |    480 |      0 |      0 |    263 |   1 |  480.0 |
               +--------+--------+--------+--------+--------+-----+--------+

Top non-repeatable levels by time:
     D:4: 1393 daAuts
    D:11: 1134 daAuts
    D:10: 1111 daAuts
     D:9: 1054 daAuts
     D:8: 928 daAuts
     D:5: 894 daAuts
     D:7: 866 daAuts
     D:1: 778 daAuts
     D:3: 756 daAuts
     D:2: 745 daAuts
     D:6: 678 daAuts
 Ossuary: 480 daAuts
    D:12: 465 daAuts
   Sewer: 338 daAuts
